 Dungeon Crawl Stone Soup version 0.24-a0-458-gfcb5e6da0e (webtiles) character file.

Game seed: 1627990649414541567

1217 Klosterheim the Conjurer (level 8, -5/63 HPs)
             Began as a Yellow Draconian Conjurer on June 26, 2019.
             Slain by an orc warrior
             ... wielding a +0 trident
              (15 damage)
             ... on level 6 of the Dungeon.
             The game lasted 00:20:49 (8945 turns).

Klosterheim the Conjurer (DrCj)                     Turns: 8945, Time: 00:20:54

Health: -5/63      AC:  6    Str: 11    XL:     8   Next: 22%
Magic:  6/15       EV: 15    Int: 18    God:
Gold:   294        SH:  0    Dex: 11    Spells: 7/17 levels left

rFire    . . .     SeeInvis .   h - +0 dagger (venom)
rCold    . . .     Gourm    .   (no shield)
rNeg     . . .     Faith    .   (armour unavailable)
rPois    .         Spirit   .   (helmet restricted)
rElec    .         Reflect  .   (no cloak)
rCorr    +         Harm     .   (no gloves)
MR       .....                  (no boots)
Stlth    ++........             (no amulet)
HPRegen  0.20/turn              d - +2 ring of evasion
MPRegen  0.14/turn              (no ring)

@: slowed, very slow
A: spit acid, unfitting armour, cold-blooded, acid resistance, AC +6
a: Breathe Acid


You were on level 6 of the Dungeon.
You were hungry.

You visited 1 branch of the dungeon, and saw 6 of its levels.

You collected 294 gold pieces.

Inventory:

Hand Weapons
 h - a +0 dagger of venom (weapon)
 k - a +3 short sword
Missiles
 f - 20 sling bullets
Magical Staves
 m - an uncursed staff of cold
Jewellery
 d - a +2 ring of evasion (left hand)
 l - an uncursed ring of stealth {unknown}
 n - an uncursed ring of protection from cold {unknown}
Wands
 c - a wand of iceblast (6)
 q - a wand of disintegration (17)
Scrolls
 g - a scroll of fog
 i - 2 scrolls of teleportation
Potions
 a - 2 potions of curing
 e - 4 potions of haste
 j - a potion of might {unknown}
 o - a potion of brilliance {unknown}
 p - a potion of cancellation {unknown}
 r - a potion of lignification {unknown}
 s - a potion of degeneration {unknown}
Comestibles
 b - 3 rations


   Skills:
 * Level 3.0 Fighting
 - Level 4.0 Dodging
 - Level 1.7 Stealth
 + Level 5.1 Spellcasting
 + Level 7.3 Conjurations
 - Level 2.0 Hexes


You had 7 spell levels left.
You knew the following spells:

 Your Spells              Type           Power        Failure   Level  Hunger
a - Magic Dart            Conj           ####         1%          1    None
b - Searing Ray           Conj           ####..       1%          2    #......
c - Dazzling Spray        Conj/Hex       ###...       6%          3    ##.....
d - Iskenderun's Mystic   Conj           ####....     6%          4    ####...

Your spell library contained the following spells:

 Spells                   Type           Power        Failure   Level  Hunger
 Corona                   Hex            ##.....      6%          1    None
 Beastly Appendage        Tmut           #.....       13%         1    None
 Ensorcelled Hibernation  Hex/Ice        #.....       13%         2    #......
 Confuse                  Hex            ##......     17%         3    ##.....
 Tukima's Dance           Hex            ##......     17%         3    ##.....
 Fulminant Prism          Conj/Hex       ###.......   19%         4    ####...
 Sticks to Snakes         Tmut           #.......     21%         2    #......
 Force Lance              Conj/Tloc      ###.....     28%         4    ####...
 Spider Form              Tmut/Pois      #.........   36%         3    ##.....
 Ice Form                 Ice/Tmut       #.......     78%         4    ####...
 Blade Hands              Tmut           #.........   98%         5    ######.


Dungeon Overview and Level Annotations

Branches:
Dungeon (6/15)             Temple (0/1) D:6

Altars:
Dithmenos
Makhleb
Qazlal
Wu Jian
Zin


Innate Abilities, Weirdness & Mutations

You can spit globs of acid.
Your golden yellow scales are hard. (AC +6)
You cannot fit into any form of body armour.
You are cold-blooded and may be slowed by cold attacks.
You are resistant to acid. (rCorr)


Message History

The orc wizard hits you with a +0 dagger.
* * * LOW HITPOINT WARNING * * *
The orc warrior closely misses you.
The orc wizard points at you and mumbles some strange words.
The puff of flame hits you.
* * * LOW HITPOINT WARNING * * *
You feel better.
The orc wizard hits you but does no damage.
The orc wizard barely misses you.
The orc warrior hits you from afar with a +0 trident.
* * * LOW HITPOINT WARNING * * *
The orc wizard hits you but does no damage.
The orc wizard looks more healthy.
The orc wizard hits you but does no damage.
The orc wizard closely misses you.
The orc wizard points at you and mumbles some strange words.
The magic dart hits you.
* * * LOW HITPOINT WARNING * * *
The orc warrior hits you from afar with a +0 trident!
You die...

..... ##.. ...# ....
.#... ..# #..# ##.###..
#.# #..# #..# #.. #.#
#.#####.# #.. #.##
#..#....## #..
######..####.....#..####.
........÷o##....###..##..
.......<@oo......##..##..
####....#.........#......
##...###..#...........
#...# #....#....##...
#...##........#######
#...#.##......# #....#
##.....# .#... #....## #.
#...##


You could see an orc warrior and 2 orc wizards.

Vanquished Creatures
  An ice beast (D:5)
  A sky beast (D:5)
  3 centaurs
  2 bullfrogs (D:6)
  2 jellies (D:4)
  A crimson imp (D:5)
  A hound (D:2)
  3 orc priests (D:3)
  A centaur skeleton (D:5)
  3 iguanas
  An orc wizard (D:3)
  2 worker ants
  A worker ant zombie (D:5)
  9 adders
  3 gnolls (D:4)
  A shadow imp (D:5)
  7 oozes (D:4)
  2 adder skeletons (D:5)
  An adder zombie (D:6)
  2 worms
  2 dart slugs
  4 leopard geckos
  10 orcs
  8 giant cockroaches
  9 goblins
  4 hobgoblins
  4 jackals (D:5)
  10 kobolds
  A quokka (D:5)
  2 ball pythons
  7 bats
  4 frilled lizards
  2 quokka skeletons (D:5)
  2 rats
116 creatures vanquished.

Vanquished Creatures (others)
  12 toadstools (D:4)
12 creatures vanquished.

Grand Total: 128 creatures vanquished

Notes
Turn   | Place    | Note
-------+----------+-------------------------------------------
     0 | D:1      | Klosterheim the Draconian Conjurer began the quest for the
                  | Orb.
     0 | D:1      | Reached XP level 1. HP: 14/14 MP: 3/3
   989 | D:1      | Reached XP level 2. HP: 20/20 MP: 0/5
  1477 | D:2      | Found a burning altar of Makhleb.
  2171 | D:2      | Found a shadowy altar of Dithmenos.
  2274 | D:2      | Reached XP level 3. HP: 26/26 MP: 2/6
  2860 | D:2      | Reached skill level 5 in Conjurations
  2860 | D:2      | Reached XP level 4. HP: 17/33 MP: 0/8
  3609 | D:3      | Reached XP level 5. HP: 38/38 MP: 2/9
  3733 | D:3      | Learned a level 2 spell: Searing Ray
  3737 | D:3      | Learned a level 3 spell: Dazzling Spray
  4146 | D:3      | Reached skill level 6 in Conjurations
  4146 | D:3      | Reached skill level 1 in Hexes
  4151 | D:3      | Reached XP level 6. HP: 31/45 MP: 9/11
  5066 | D:4      | Found an ornate altar of the Wu Jian Council.
  5156 | D:4      | Found a glowing silver altar of Zin.
  5157 | D:4      | Found Zin's Purification Station.
  5456 | D:4      | Found a stormy altar of Qazlal.
  5459 | D:4      | Noticed a water elemental
  5462 | D:4      | Noticed a fire elemental
  5462 | D:4      | Noticed an air elemental
  6084 | D:5      | Entered Level 5 of the Dungeon
  6484 | D:4      | HP: 2/45 [iguana (7)]
  6823 | D:4      | Your scales start taking on a golden yellow colour.
  6823 | D:4      | Reached XP level 7. HP: 15/50 MP: 0/12
  6823 | D:4      | Gained mutation: You are resistant to acid. (rCorr) [Yellow
                  | Draconian growth]
  7100 | D:5      | Reached skill level 7 in Conjurations
  7784 | D:5      | Learned a level 4 spell: Iskenderun's Mystic Blast
  7807 | D:5      | Reached skill level 1 in Fighting
  8236 | D:5      | Reached XP level 8. HP: 60/61 MP: 15/15
  8274 | D:5      | Reached skill level 5 in Spellcasting
  8549 | D:6      | Found a staircase to the Ecumenical Temple.
  8945 | D:6      | Slain by an orc warrior

Levels and vault maps discovered:
D:1:      dpeg_arrival_shelter, layout_loops_corners
D:2:      layout_basic, makhleb_heckhound_becter,
          grunt_dithmenos_smoke_and_mirrors
D:3:      layout_loops_ring
D:4:      cheibrodos_fertilizer, layout_basic, nicolae_qazlal_style_of_elements,
          lemuel_doored_altar, zin_purify
D:5:      layout_cave_pools, first_ration
D:6:      layout_layer_cave, lemuel_round_altar, temple_fountains

Skill      XL: |  1  2  3  4  5  6  7  8 |
---------------+-------------------------+-----
Conjurations   | 5 6 7 |  7.3
Spellcasting   | 3 4 5 |  5.1
Dodging        | 2 4 |  4.0
Hexes          | 1 2 |  2.0
Fighting       | 1 3 |  3.0
Stealth        | |  1.7

Action                   |  1- 3 |  4- 6 |  7- 9 || total
-------------------------+-------+-------+-------++-------
Melee: Unarmed           |    24 |       |       ||    24
       Dagger            |    34 |    92 |    98 ||   224
       Tailslap          |     2 |    12 |    12 ||    26
       Rapier            |       |     8 |       ||     8
       Short sword       |       |    24 |    11 ||    35
 Cast: Magic Dart        |    66 |    81 |    34 ||   181
       Searing Ray       |       |     7 |     9 ||    16
       Dazzling Spray    |       |     3 |     8 ||    11
       Iskenderun's Myst |       |       |     3 ||     3
  Use: Scroll            |     2 |     4 |     1 ||     7
       Potion            |     1 |     3 |     1 ||     5
 Stab: Sleeping          |       |     1 |       ||     1
  Eat: Chunk             |     7 |     6 |     7 ||    20
       Ration            |       |     2 |       ||     2
Armor: Skin              |    26 |    37 |    39 ||   102
Dodge: Dodged            |    67 |   121 |   116 ||   304

Table legend:
 A = Non-vault XP
 B = Vault XP
 C = Vault XP percentage of total XP
 D = Non-vault monster count
 E = Vault monster count
 F = Vault count percentage of total count
                 A         B        C        D         E       F
            +---------+---------+-------+---------+---------+-------
      Total |    1545 |     194 |  11.2 |      98 |      18 |  15.5
            +---------+---------+-------+---------+---------+-------
        D:1 |      16 |       0 |   0.0 |      10 |       0 |   0.0
        D:2 |      49 |      43 |  46.7 |      14 |       1 |   6.7
        D:3 |     286 |       0 |   0.0 |      30 |       0 |   0.0
        D:4 |     237 |     151 |  38.9 |      13 |      17 |  56.7
        D:5 |     732 |       0 |   0.0 |      24 |       0 |   0.0
        D:6 |     225 |       0 |   0.0 |       7 |       0 |   0.0
            +---------+---------+-------+---------+---------+-------
